 Dungeon Crawl Stone Soup version 0.31-a0-221-gbddc013574 (webtiles) character file.

Game seed: 9601131157268409987

1236 porpoise the Slasher (level 8, -4/62 HPs)
             Began as a Demonspawn Gladiator on July 5, 2023.
             Slain by a gnoll
             ... wielding a +0 whip
             ... led by a gnoll bouda
              (7 damage)
             ... on level 5 of the Dungeon.
             The game lasted 00:16:18 (6547 turns).

porpoise the Slasher (Demonspawn Gladiator)         Turns: 6547, Time: 00:16:18

Health: -4/62      AC: -1    Str: 15    XL:     8   Next: 24%
Magic:  8/8        EV: 12    Int:  9    God:
Gold:   338        SH:  4    Dex: 17    Spells: 7/7 levels left

rFire   . . .        a - +0 long sword
rCold   . . .        (no shield)
rNeg    . . .        r - +0 ring mail
rPois   .            (helmet restricted)
rElec   .            z - +0 cloak
rCorr   .            b - +0 pair of gloves
SInv    .            (no boots)
Will    +....        i - amulet of the acrobat
Stlth   ++           j - ring of willpower
HPRegen 0.30/turn    (no ring)
MPRegen 0.22/turn

%: acrobat
@: corroded
A: antennae 1, large bone plates 1, magic regeneration
a: no special abilities


You were on level 5 of the Dungeon.
You visited 1 branch of the dungeon, and saw 6 of its levels.

You collected 338 gold pieces.

Inventory:

Hand Weapons
 a - a +0 long sword (weapon)
Missiles
 d - 2 throwing nets (quivered)
 e - a javelin
 A - 4 boomerangs
Armour
 b - a +0 pair of gloves (worn)
 r - a +0 ring mail (worn)
 z - a +0 cloak (worn)
Jewellery
 i - an amulet of the acrobat (around neck)
 j - a ring of willpower (left hand)
 k - a ring of resist corrosion
 p - a ring of fire
 x - an amulet of faith
 y - an amulet of regeneration
Wands
 C - a wand of flame (19)
Scrolls
 c - a scroll of fear {unknown}
 g - a scroll of identify
 h - a scroll of teleportation
 l - a scroll of fog {unknown}
 m - 2 scrolls of immolation {unknown}
 n - a scroll of blinking {unknown}
 o - 2 scrolls of noise {unknown}
 q - 2 scrolls of poison
 s - a scroll of enchant armour {unknown}
 B - a scroll of enchant weapon {unknown}
 D - a scroll of butterflies {unknown}
Potions
 f - a potion of enlightenment
 t - 2 potions of curing
 v - a potion of lignification
 w - 2 potions of haste


   Skills:
 - Level 5.0 Fighting
 * Level 7.5 Long Blades
 - Level 1.7 Throwing
 * Level 4.2 Dodging
 + Level 2.2 Stealth


You had 7 spell levels left.
You didn't know any spells.
Your spell library contained the following spells:

 Spells                   Type           Power      Damage    Failure   Level
 Magic Dart               Conj           0%         1d3       63%         1
 Summon Small Mammal      Summ           0%         N/A       63%         1
 Call Imp                 Summ           0%         N/A       77%         2
 Sublimation of Blood     Necr           0%         N/A       77%         2
 Call Canine Familiar     Summ           0%         N/A       94%         3
 Inner Flame              Hex/Fire       0%         N/A       94%         3
 Mephitic Cloud           Conj/Pois/Air  0%         N/A       94%         3
 Summon Guardian Golem    Hex/Summ       0%         N/A       94%         3
 Flame Wave               Conj/Fire      0%         2d4       100%        4
 Petrify                  Tmut/Erth      0%         N/A       100%        4
 Sticky Flame             Conj/Fire      0%         2d3       100%        4
 Irradiate                Conj/Tmut      0%         3d11      100%        5


Dungeon Overview and Level Annotations

Branches:
Dungeon (6/15)
 Temple: D:4-7

Altars:
Vehumet


Innate Abilities, Weirdness & Mutations

You have a pair of small antennae on your head.
You are partially covered in large bone plates. (SH +4)
You regenerate magic rapidly.


Message History

The jelly is severely wounded.
The jelly barely misses you. You block the gnoll's attack.
The gnoll hits you but does no damage.
You hit the jelly but do no damage.
Your hands burn!
The jelly is severely wounded.
You block the gnoll's attack. The gnoll barely misses you.
The jelly closely misses you.
You hit the jelly but do no damage.
Your hands burn!
The jelly is severely wounded.
The jelly barely misses you. The gnoll barely misses you.
The gnoll hits you with a +0 whip.
You hit the jelly. The acid corrodes you!
Your hands burn!
The jelly is severely wounded.
The gnoll hits you with a +0 flail! The gnoll hits you with a +0 whip.
The jelly jiggles.
The jelly hits you.
You are splashed with acid.
You hit the jelly.
You kill the jelly!
The gnoll closely misses you. The gnoll barely misses you.
You hit the gnoll but do no damage. The gnoll hits you with a +0 whip!
* * * LOW HITPOINT WARNING * * *
You block the gnoll's attack.
You feel much better. The gnoll hits you with a +0 flail!
The gnoll hits you with a +0 whip.
You closely miss the gnoll. The gnoll hits you with a +0 whip!
* * * LOW HITPOINT WARNING * * *
The gnoll hits you with a +0 flail!
* * * LOW HITPOINT WARNING * * *
You feel much better. You block the gnoll's attack.
The gnoll barely misses you.
You hit the gnoll.
The gnoll is moderately wounded.
The gnoll hits you with a +0 whip!
* * * LOW HITPOINT WARNING * * *
The gnoll hits you with a +0 flail!
* * * LOW HITPOINT WARNING * * *
You hit the gnoll but do no damage.
The gnoll is moderately wounded.
The gnoll hits you with a +0 whip!
You die...

### ####.########### ###
##......gg......# ###..
###.......@.......#
##.... ####
##..........(......#
#.....
#..###..................#
###...
.........#.............##
####
........###............#
# ....†..##
##..........## #
.......## ###........# ##
........# #####.####
####. ........# #.#
##....


You could see 2 gnolls.

Vanquished Creatures
  2 water moccasins (D:5)
  A black bear (D:5)
  2 ogres (D:5)
  A phantom (D:3)
  A bullfrog (D:4)
  A scorpion (D:4)
  2 hounds
  A jelly (D:5)
  An orc priest (D:5)
  A sleepcap (D:5)
  2 iguanas
  2 orc wizards (D:4)
  12 gnolls
  10 adders
  2 worms
  4 dart slugs
  10 orcs
  3 bats
  8 endoplasms
  3 giant cockroaches
  10 goblins
  4 hobgoblins
  3 jackals (D:3)
  4 quokkas
  3 ball pythons
  8 kobolds
  4 rats
105 creatures vanquished.

Notes
Turn   | Place    | Note
-------+----------+-------------------------------------------
     0 | D:1      | porpoise the Demonspawn Gladiator began the quest for the
                  | Orb.
     0 | D:1      | Reached XP level 1. HP: 16/16 MP: 1/1
    67 | D:1      | Reached skill level 3 in Long Blades
   113 | D:1      | Gained mutation: You regenerate magic rapidly. [demonic
                  | ancestry]
   113 | D:1      | Reached XP level 2. HP: 22/22 MP: 2/2
  1001 | D:2      | Reached XP level 3. HP: 28/28 MP: 3/3
  1575 | D:2      | Reached skill level 4 in Long Blades
  1735 | D:2      | Gained mutation: You have a pair of small antennae on your
                  | head. [demonic ancestry]
  1735 | D:2      | Reached XP level 4. HP: 35/35 MP: 4/4
  2153 | D:3      | Noticed a phantom
  2270 | D:3      | Killed a phantom
  2271 | D:3      | Gained mutation: You are partially covered in large bone
                  | plates. (SH +4) [demonic ancestry]
  2271 | D:3      | Reached XP level 5. HP: 19/41 MP: 5/5
  2805 | D:3      | Reached skill level 5 in Long Blades
  2876 | D:3      | Found a radiant altar of Vehumet.
  3325 | D:4      | Reached XP level 6. HP: 48/48 MP: 6/6
  4603 | D:5      | Entered Level 5 of the Dungeon
  4621 | D:4      | Reached skill level 6 in Long Blades
  4630 | D:4      | Reached XP level 7. HP: 35/55 MP: 7/7
  5143 | D:5      | Reached skill level 5 in Fighting
  5582 | D:5      | Reached skill level 7 in Long Blades
  5582 | D:5      | Reached skill level 1 in Stealth
  6131 | D:5      | Reached XP level 8. HP: 62/62 MP: 8/8
  6544 | D:5      | HP: 1/62 [gnoll/+0 flail[a gnoll bouda] (10)]
  6547 | D:5      | Slain by a gnoll

Illustrated notes

Levels and vault maps discovered:
D:1:      nicolae_arrival_somewhat_less_tricky_arrival, layout_loops_cross,
          minmay_misc_feat_tiny, minmay_misc_feat_roman
D:2:      layout_basic, minmay_small_reverse_x
D:3:      layout_basic, nicolae_vehumet_radiance, nrook_mini_backslash,
          minmay_curled_crystal
D:4:      layout_loops_corners, nicolae_concentric_dashed_squares_mild
D:5:      minmay_opposing_rooms, layout_cave_pods, serial_column_ruins,
          column_ruins_hut, column_ruins_circle_small,
          column_ruins_columns_corner, column_ruins_grid_1,
          column_ruins_corridor_straight, column_ruins_columns_dead_end,
          column_ruins_open_tiny
D:6:      layout_rooms, eino_small_chamber_without_monster

Skill      XL: |  1  2  3  4  5  6  7  8 |
---------------+-------------------------+-----
Long Blades    | 3 4 5 6 7 |  7.5
Fighting       | 3 4 5 |  5.0
Dodging        | 3 4 |  4.2
Stealth        | 1 2 |  2.2
Throwing       | |  1.7

Action                     |  1- 3 |  4- 6 |  7- 9 || total
---------------------------+-------+-------+-------++-------
  Melee: Long sword        |   115 |   196 |    98 ||   409
         Punch             |     3 |     2 |     2 ||     7
  Throw: Throwing net      |       |       |     1 ||     1
    Use: Scroll            |     1 |       |     6 ||     7
         Potion            |       |     5 |     2 ||     7
   Stab: Sleeping          |     1 |       |       ||     1
 Armour: Leather armour    |    30 |       |       ||    30
         Ring mail         |    15 |    50 |    28 ||    93
         Skin              |       |    17 |       ||    17
  Dodge: Dodged            |    75 |   127 |    50 ||   252
  Block: Other             |       |    27 |    17 ||    44

Table legend: (Time is in decaauts)
 A = Elapsed time spent in this place.
 B = Non-inter-level travel time spent in this place.
 C = Inter-level travel time spent in this place.
 D = Time resting spent in this place.
 E = Time spent auto-exploring this place.
 F = Levels seen in this place.
 G = Mean time per level.
                   A        B        C        D        E       F      G
               +--------+--------+--------+--------+--------+-----+--------+
         Total |   6610 |   6347 |    263 |   1966 |   3258 |   6 | 1101.7 |
       Dungeon |   6610 |   6347 |    263 |   1966 |   3258 |   6 | 1101.7 |
               +--------+--------+--------+--------+--------+-----+--------+

Top non-repeatable levels by time:
     D:5: 1810 daAuts
     D:4: 1543 daAuts
     D:3: 1201 daAuts
     D:2: 1093 daAuts
     D:1: 957 daAuts
     D:6: 4 daAuts
